 Dungeon Crawl Stone Soup version 0.28-a0-1435-g82390b3a13 (webtiles) character file.

Game seed: 9270575204210550591

3891 shadowrider38 the Fighter (level 10, -7/99 HPs)
             Began as a Deep Dwarf Artificer on Jan 9, 2022.
             Was a Believer of Makhleb.
             Killed by divine providence
             ... invoked by an orc priest
              (12 damage)
             ... on level 8 of the Dungeon.
             The game lasted 00:24:35 (7779 turns).

shadowrider38 the Fighter (Deep Dwarf Artificer)    Turns: 7779, Time: 00:24:35

Health: -7/99      AC: 19    Str: 19    XL:     10   Next: 0%
Magic:  3/3        EV:  7    Int: 13    God:    Makhleb [**....]
Gold:   381        SH:  0    Dex: 16    Spells: 9/9 levels left

rFire   + . .      SeeInvis .   a - +3 war axe of Ignis {flame, Will+ Dex+3}
rCold   . . .      Faith    .   g - orb {light}
rNeg    . . .      Spirit   .   B - +0 plate armour
rPois   .          Reflect  .   p - +2 helmet
rElec   .          Harm     .   (no cloak)
rCorr   .          Rampage  .   (no gloves)
Will    ++...                   (no boots)
Stlth   ..........              (no amulet)
HPRegen 0.00/turn               o - ring of protection from fire
MPRegen 0.08/turn               s - +4 ring of protection

@: glowing
A: damage resistance, heal wounds, sense surroundings 2, no regeneration
a: Heal Wounds, Renounce Religion, Minor Destruction


You were on level 8 of the Dungeon.
You worshipped Makhleb.
Makhleb was pleased with you.
You visited 2 branches of the dungeon, and saw 10 of its levels.

You collected 381 gold pieces.

Inventory:

Hand Weapons
 a - the +3 war axe of Ignis (weapon) {flame, Will+ Dex+3}
   (You found it on level 8 of the Dungeon)

   It burns those it strikes, dealing additional fire damage.
   Big, fiery blades are also staple armaments of hydra-hunters.
   Dex:       It affects your dexterity (+3).
   Will:      It increases your willpower.
 k - the +4 short sword of Quufad {speed, *Noise +Blink rElec rF+}
   (You took it off a kobold on level 4 of the Dungeon)

   Attacks with this weapon are significantly faster.
   rF:        It protects you from fire.
   rElec:     It insulates you from electricity.
   +Blink:    It lets you blink.
   *Noise:    It may make noises in combat.
 E - a +2 war axe of venom
 F - a +2 war axe of holy wrath
Missiles
 j - 189 stones (quivered)
Armour
 g - an orb of light (worn)
 p - a +2 helmet (worn)
 B - a +0 plate armour (worn)
Jewellery
 n - a ring of see invisible
 o - a ring of protection from fire (left hand)
 s - a +4 ring of protection (right hand)
 z - a ring of poison resistance
Wands
 c - a wand of flame (50)
 d - a wand of charming (7)
 D - a wand of paralysis (5)
Scrolls
 f - a scroll of blinking {unknown}
 h - 2 scrolls of identify {unknown}
 i - 3 scrolls of fear
 l - 3 scrolls of teleportation
 q - a scroll of fog {unknown}
 r - a scroll of silence {unknown}
 t - a scroll of enchant armour {unknown}
 v - 2 scrolls of noise {unknown}
 y - a scroll of amnesia {unknown}
 A - a scroll of immolation {unknown}
Potions
 b - 3 potions of attraction {unknown}
 m - a potion of invisibility {unknown}
 u - a potion of lignification {unknown}
 w - 2 potions of resistance {unknown}
 x - 2 potions of curing {unknown}
 C - a potion of degeneration {unknown}
Miscellaneous
 e - a piece from Xom's chessboard (15/15)


   Skills:
 - Level 9.0 Fighting
 + Level 7.4 Axes
 - Level 5.0 Armour
 - Level 5.0 Dodging
 - Level 1.2 Stealth
 - Level 8.0 Evocations


You had 9 spell levels left.
You didn't know any spells.
Your spell library contained the following spells:

 Spells                   Type           Power      Damage    Failure   Level
 Beastly Appendage        Tmut           0%         N/A       100%        1
 Wereblood                Tmut           0%         N/A       100%        2
 Inner Flame              Hex/Fire       0%         N/A       100%        3
 Spider Form              Tmut/Pois      0%         N/A       100%        3
 Cause Fear               Hex            0%         N/A       100%        4
 Discord                  Hex            0%         N/A       100%        8


Dungeon Overview and Level Annotations

Branches:
Dungeon (9/15)             Temple (1/1) D:4
   Lair: D:8-11         Orc: D:9-12

Altars:
Ashenzari
Cheibriados
Dithmenos
Elyvilon
Fedhas
Gozag
Hepliaklqana
Kikubaaqudgha
Makhleb
Nemelex Xobeh
Okawaru
Qazlal
Ru
Sif Muna
Trog
Uskayaw
Vehumet
Wu Jian
Xom
Yredelemnul
Zin
The Shining One

Shops:
D:8 (

Annotations:
D:2 Sigmund
D:4 exclusion: downstairs
D:6 exclusion: 6 doors


Innate Abilities, Weirdness & Mutations

You are resistant to damage.
You can heal yourself by infusing magical energy.
You passively map the area around you.
You do not regenerate.


Message History

The yak is lightly wounded.
The yak gores you.
You hit the yak. You burn the yak.
The yak is moderately wounded.
The yak gores you but does no damage.
You slash the yak! You burn the yak.
The yak is almost dead.
The yak gores you!
* * * LOW HITPOINT WARNING * * *
You slash the yak! You burn the yak.
You kill the yak!
Makhleb accepts your kill.
You feel better.
You have reached level 10!
Things that are here:
a +0 mace; an orc skeleton
There is a stone staircase leading down here.
You climb downwards.
There is a stone staircase leading up here.
There is a stone staircase leading down here.
You climb downwards.
The steam dragon hisses angrily.
The orc wizard shouts!
The orc shouts!
The orc priest shouts!
Found a helmet and a scroll labelled SEULU JYQENT.
Found an escape hatch in the floor.
There is a stone staircase leading up here.
You climb upwards.
There is a stone staircase leading down here.
A yak is nearby!
The yak bellows!
The orc priest shouts!
The orc priest invokes the aid of Beogh against you.
Beogh smites you!
* * * LOW HITPOINT WARNING * * *
There is a stone staircase leading up, spattered with blood here.
Things that are here:
a +0 ring mail; a +0 trident The yak bellows!
The orc priest mumbles some strange prayers to Beogh against you.
Beogh smites you!
You die...

...#...#..........#..............
..##...#.........###.............
.###.#.............#.............
..####...........................
.## #......#...#..#..Y....##....
..####......#...#.##.............
...#........#.....###.Y..........
................).#.Y............
.............o.[@Y.......#.....##
...................[.....#.......
..8..............[....#..........
..............#..#....#......##..
..∩##<........#..#......##...##..
..............#.........#.....#..
..<....##........................
......##.......................##
..8...##.........###.........#...


You could see 3 yaks and an orc priest.

Vanquished Creatures
  A manticore (D:6)
  Maggie (D:7)
  Grinder (D:5)
  A yak (D:7)
  Eustachio (D:5)
  4 water moccasins
  Duvessa (D:6)
  A sky beast (D:6)
  A necrophage (D:7)
  3 ogres
  2 centaurs (D:8)
  3 bullfrogs
  A scorpion (D:4)
  A wyvern skeleton (D:7)
  4 howler monkeys
  2 centaur zombies (D:7)
  5 hounds
  2 gnoll shamans
  A jelly (D:6)
  A bullfrog skeleton (D:6)
  3 orc priests
  A centaur skeleton (D:7)
  3 iguanas
  8 orc wizards
  2 hound skeletons (D:4)
  A howler monkey zombie (D:5)
  Robin (D:3)
  10 gnolls
  7 adders
  A howler monkey skeleton (D:7)
  3 river rats (D:4)
  A shadow imp (D:6)
  3 white imps
  2 ufetubi (D:6)
  2 worms (D:3)
  31 orcs
  3 ball pythons
  7 bats
  5 endoplasms
  7 giant cockroaches
  10 hobgoblins
  3 jackals (D:4)
  4 quokkas
  4 frilled lizards
  14 goblins
  7 kobolds
  4 rats
184 creatures vanquished.

Vanquished Creatures (collateral kills)
  A scorpion (D:5)
  Dowan (D:5)
  An adder (D:5)
  A gnoll (D:6)
4 creatures vanquished.

Vanquished Creatures (others)
  Menkaure (D:5)
1 creature vanquished.

Grand Total: 189 creatures vanquished

Notes
Turn   | Place    | Note
-------+----------+-------------------------------------------
     0 | D:1      | shadowrider38 the Deep Dwarf Artificer began the quest for
                  | the Orb.
     0 | D:1      | Reached XP level 1. HP: 16/16 MP: 1/1
    34 | D:1      | Reached skill level 1 in Fighting
   557 | D:1      | Reached XP level 2. HP: 15/26 MP: 2/2
   563 | D:1      | Reached skill level 2 in Fighting
  1107 | D:2      | Reached XP level 3. HP: 15/33 MP: 3/3
  1117 | D:2      | Noticed a necrophage
  1150 | D:3      | Noticed Robin
  1232 | D:2      | Noticed Sigmund
  1317 | D:3      | Reached skill level 3 in Fighting
  1322 | D:3      | Killed Robin
  1457 | D:3      | Reached XP level 4. HP: 30/42 MP: 4/4
  1890 | D:3      | Reached skill level 4 in Fighting
  2294 | D:4      | Found a glowing golden altar of the Shining One.
  2354 | D:4      | You fall into a shaft and drop 2 floors!
  2433 | D:6      | Noticed Menkaure
  2433 | D:6      | Noticed a scorpion
  2480 | D:5      | Entered Level 5 of the Dungeon
  2480 | D:5      | Noticed Duvessa
  2485 | D:5      | Noticed Dowan
  2487 | D:5      | Your ally Menkaure died
  2488 | D:5      | Reached XP level 5. HP: 51/51 MP: 4/4
  2493 | D:5      | Reached skill level 5 in Fighting
  2497 | D:5      | Killed Dowan
  2499 | D:5      | Reached XP level 6. HP: 61/61 MP: 5/5
  2543 | D:6      | HP: 2/61 [Duvessa (10)]
  2564 | D:6      | Killed Duvessa
  2565 | D:6      | Reached skill level 6 in Fighting
  2587 | D:5      | Found an opulent altar of Gozag.
  2615 | D:5      | Found a sacrificial altar of Ru.
  2615 | D:5      | Found an ornate altar of the Wu Jian Council.
  2616 | D:5      | Found a shadowy altar of Dithmenos.
  2749 | D:4      | Found a glowing drain.
  2879 | D:4      | Reached XP level 7. HP: 43/70 MP: 5/5
  3029 | D:4      | Found a staircase to the Ecumenical Temple.
  3049 | Temple   | Entered the Ecumenical Temple
  3390 | D:4      | Identified the +4 short sword of Quufad {speed, *Noise
                  | +Blink rElec rF+}
  3409 | D:4      | Reached skill level 7 in Fighting
  4042 | D:5      | Found a burning altar of Makhleb.
  4048 | D:5      | Reached skill level 5 in Evocations
  4051 | D:5      | Became a worshipper of Makhleb the Destroyer
  4104 | D:5      | Noticed Grinder
  4159 | D:5      | Paralysed by Grinder for 4 turns
  4523 | D:5      | Reached XP level 8. HP: 52/80 MP: 4/4
  4817 | D:5      | Killed Grinder
  4981 | D:6      | Noticed Eustachio
  5003 | D:5      | Killed Eustachio
  5129 | D:6      | Noticed a manticore
  5181 | D:6      | Reached skill level 5 in Armour
  5201 | D:6      | Killed a manticore
  5202 | D:6      | Reached skill level 8 in Fighting
  5202 | D:6      | Reached skill level 5 in Dodging
  5343 | D:6      | Reached * piety under Makhleb
  5407 | D:6      | Gained mutation: You passively map the area around you.
                  | [Deep Dwarf growth]
  5407 | D:6      | Reached XP level 9. HP: 64/88 MP: 3/3
  5638 | D:6      | Reached skill level 1 in Axes
  6309 | D:7      | Noticed Maggie
  6354 | D:7      | Killed Maggie
  6355 | D:7      | Reached skill level 9 in Fighting
  6953 | D:8      | Reached skill level 5 in Axes
  6970 | D:8      | Found Lapuoh's Antique Weapon Boutique.
  6985 | D:8      | Identified the +3 war axe of Ignis {flame, Will+ Dex+3}
  7031 | D:8      | Reached ** piety under Makhleb
  7727 | D:7      | Reached XP level 10. HP: 12/99 MP: 3/3
  7779 | D:8      | Killed from afar by an orc priest

Illustrated notes

Levels and vault maps discovered:
D:1:      minmay_arrival_radiant_lines, layout_basic
D:2:      layout_basic, dreamdust_ecumenical_altar_angels_and_demons,
          uniq_sigmund
D:3:      minmay_door_path, layout_loops_ring, minmay_cut_off, uniq_robin
D:4:      layout_cave_pods, kennysheep_mini_moat,
          minmay_temple_entry_metal_lava, portal_sewer_entry_e
D:5:      layout_rooms, grunt_temple_overflow_open, bloody_makhleb,
          uniq_duvessa, uniq_grinder
D:6:      layout_gridville, uniq_menkaure, uniq_eustachio
D:7:      layout_cave_pods, uniq_maggie
D:8:      layout_cave_pools, serial_shops, shop_statue
D:9:      layout_rooms, serial_shops, nicolae_stop_n_shop_2, uniq_joseph
Temple:   lightli_temple_of_artemis

Skill      XL: |  1  2  3  4  5  6  7  8  9 |
---------------+----------------------------+-----
Fighting       | 1 2 3 4 5 6 7 8 9 |  9.0
Dodging        | 3 5 |  5.0
Armour         | 3 5 |  5.0
Evocations     | 5 7 8 |  8.0
Axes           | 7 |  7.4
Stealth        | |  1.2

Action                   |  1- 3 |  4- 6 |  7- 9 | 10-12 || total
-------------------------+-------+-------+-------+-------++-------
Melee: Club              |    49 |       |       |       ||    49
       Dagger            |    75 |   221 |   121 |       ||   417
       Short sword       |       |       |   382 |       ||   382
       War axe           |       |       |    51 |       ||    51
Throw: Stone             |       |    28 |    11 |       ||    39
       Throwing net      |       |       |     1 |       ||     1
 Abil: Heal Wounds       |     1 |     6 |    17 |       ||    24
Evoke: Wand              |       |    17 |     4 |       ||    21
       Piece from Xom's  |       |     1 |     1 |       ||     2
  Use: Scroll            |     1 |       |     1 |       ||     2
 Stab: Distracted        |       |     1 |       |       ||     1
       Held in net/web   |       |       |     1 |       ||     1
       Betrayed ally     |       |       |     1 |       ||     1
Armor: Leather armour    |    23 |       |       |       ||    23
       Chain mail        |    30 |   114 |    64 |       ||   208
       Plate armour      |       |       |   263 |       ||   263
Dodge: Dodged            |    68 |    61 |   155 |       ||   284

Table legend: (Time is in decaauts)
 A = Elapsed time spent in this place.
 B = Non-inter-level travel time spent in this place.
 C = Inter-level travel time spent in this place.
 D = Time resting spent in this place.
 E = Time spent auto-exploring this place.
 F = Levels seen in this place.
 G = Mean time per level.
                   A        B        C        D        E       F      G
               +--------+--------+--------+--------+--------+-----+--------+
         Total |   7642 |   6772 |    870 |    561 |   3916 |  10 |  764.2 |
       Dungeon |   7538 |   6685 |    853 |    561 |   3835 |   9 |  837.6 |
        Temple |    104 |     87 |     17 |      0 |     81 |   1 |  104.0 |
               +--------+--------+--------+--------+--------+-----+--------+

Top non-repeatable levels by time:
     D:4: 1552 daAuts
     D:7: 1051 daAuts
     D:6: 1030 daAuts
     D:1: 1027 daAuts
     D:3: 1016 daAuts
     D:8: 800 daAuts
     D:5: 792 daAuts
     D:2: 266 daAuts
  Temple: 104 daAuts
     D:9: 1 daAuts
